 Dungeon Crawl Stone Soup version 0.28-b1-1-g3c77fb2ed1 (webtiles) character file.

Game seed: 17802870326421354205

35 cayde69 the Skirmisher (level 3, -6/33 HPs)
             Began as a Draconian Berserker on Jan 29, 2022.
             Was a Follower of Trog.
             Killed from afar by Terence (9 damage)
             ... with a puff of flame
             ... on level 2 of the Dungeon.
             The game lasted 00:02:43 (992 turns).

cayde69 the Skirmisher (Draconian Berserker)         Turns: 992, Time: 00:02:44

Health: -6/33      AC:  5    Str: 23    XL:     3   Next: 17%
Magic:  3/3        EV: 12    Int:  7    God:    Trog [*.....]
Gold:   50         SH:  0    Dex: 10    Spells: 2/2 levels left

rFire   . . .      SeeInvis .   a - +0 spear
rCold   . . .      Faith    .   (no shield)
rNeg    . . .      Spirit   .   (armour unavailable)
rPois   .          Reflect  .   (helmet restricted)
rElec   .          Harm     .   (no cloak)
rCorr   .          Rampage  .   (no gloves)
Will    .....                   (no boots)
Stlth   +.........              (no amulet)
HPRegen 0.11/turn               (no ring)
MPRegen 0.08/turn               (no ring)

@: no status effects
A: AC +5, unfitting armour, cold-blooded, high mp 1, strong 1
a: Renounce Religion, Berserk


You were on level 2 of the Dungeon.
You worshipped Trog.
Trog was aware of your devotion.
You visited 1 branch of the dungeon, and saw 2 of its levels.

You collected 50 gold pieces.

Inventory:

Hand Weapons
 a - a +0 spear (weapon)
Armour
 c - a +0 helmet
Magical Staves
 b - a staff of poison
Scrolls
 e - a scroll of enchant armour {unknown}


   Skills:
 + Level 3.8 Fighting
 + Level 3.5 Polearms
 + Level 3.1 Dodging
 + Level 0.3 Stealth


You had 2 spell levels left.
You didn't know any spells.
Your spell library was empty.

Dungeon Overview and Level Annotations

Branches:
Dungeon (2/15)

Altars:

Shops:
D:1 *

Annotations:
D:2 Terence


Innate Abilities, Weirdness & Mutations

Your plain brown scales are hard. (AC +5)
You cannot fit into any form of body armour.
You are cold-blooded and may be slowed by cold attacks.
You have an increased reservoir of magic. (+10% MP)
Your muscles are strong. (Str +2)


Message History

You hit Terence. You tail-slap Terence.
Terence is lightly wounded.
Terence misses you.
You hit Terence but do no damage.
Terence is lightly wounded.
Terence completely misses you.
You hit Terence.
You tail-slap Terence, but do no damage.
Terence is moderately wounded.
Terence screams, "I'm going to kill you!"
Terence zaps a wand.
The puff of flame hits you!
You hit Terence but do no damage.
Your tail-slap misses Terence.
Terence is moderately wounded.
Terence hits you but does no damage.
You closely miss Terence.
Your tail-slap misses Terence.
Terence is moderately wounded.
Terence zaps a wand.
The puff of flame misses you.
You completely miss Terence.
Terence is moderately wounded.
Terence hits you with a +3 vorpal flail!
You are too injured to fight recklessly!
You are too injured to fight recklessly!
You are too injured to fight recklessly!
You are too injured to fight recklessly!
You hit Terence but do no damage.
You tail-slap Terence, but do no damage.
Terence is moderately wounded.
Terence hits you with a +3 vorpal flail.
* * * LOW HITPOINT WARNING * * *
x2 It was a potion of mutation.
You feel extremely strange.
You feel stronger.
You feel more energetic. Terence completely misses you.
You hit Terence but do no damage.
Terence is moderately wounded.
Terence zaps a wand.
The puff of flame hits you.
* * * LOW HITPOINT WARNING * * *
You hit Terence but do no damage.
Terence is moderately wounded.
Terence zaps a wand.
The puff of flame hits you!
You die...

#.. # #.#........#
# #.. .......
######### #.#
...... ........#
#.# ..>..
#######.# #.# #...
....# #.# #.###..
###.# #.# #..##@#
# #.###.####.#.#@#
###.##...##.###..#
..†........## ##.#
####.#...##.# ..#
# #.##.## #.# ...
# #.##.# ....... #
#.##.# ###)#.# #
...#.# #.... .
.....# ...##


You could see Terence.

Vanquished Creatures
  A dart slug (D:1)
  An endoplasm (D:1)
  A giant cockroach (D:1)
  5 goblins (D:1)
  3 hobgoblins (D:1)
  5 jackals (D:2)
  2 kobolds (D:1)
  4 quokkas
  3 ball pythons (D:1)
  2 bats (D:1)
  A rat (D:1)
28 creatures vanquished.

Notes
Turn   | Place    | Note
-------+----------+-------------------------------------------
     0 | D:1      | cayde69 the Draconian Berserker began the quest for the
                  | Orb.
     0 | D:1      | Reached XP level 1. HP: 19/19 MP: 1/1
   205 | D:1      | Found Yxuegit's General Store.
   376 | D:1      | Reached XP level 2. HP: 26/26 MP: 2/2
   919 | D:2      | Reached XP level 3. HP: 33/33 MP: 3/3
   980 | D:2      | Noticed Terence
   990 | D:2      | Gained mutation: Your muscles are strong. (Str +2) [potion
                  | of mutation]
   990 | D:2      | Gained mutation: You have an increased reservoir of magic.
                  | (+10% MP) [potion of mutation]
   992 | D:2      | Killed from afar by Terence

Illustrated notes

Levels and vault maps discovered:
D:1:      heliophobic_arrival_battle_scene, layout_loops_cross, serial_shops,
          nicolae_shop_waterfront
D:2:      layout_loops_ring, chequers_ecumenical_altar_simple,
          kennysheep_generic_room_13, uniq_terence

Skill      XL: |  1  2 |
---------------+-------+-----
Dodging        | 3 |  3.1
Fighting       | |  3.8
Polearms       | |  3.5
Stealth        | |  0.3

Action                   || total
-------------------------++-------
Melee: Spear             ||   102
       Tailslap          ||    12
       Punch             ||     1
Invok: Berserk           ||     1
  Use: Potion            ||     1
 Stab: Sleeping          ||     2
Armor: Skin              ||    15
Dodge: Dodged            ||    43
